AoeStats
← TheQuietRiot

Arabian Desert

509222089Analyzed
1v1 RM · 6d ago on Sep 26, 2026· 42m 39s· 2 players
Game mode
Random Map
Map size
Tiny (2 player)
Population
200
Speed
Normal
Resources
Standard
Victory
Conquest
Starting age
Dark Age
Ending age
Imperial Age
RankedLock teamsTeams togetherTeam positionsShared explorationLock speedFull tech treeHidden civsTurbo modeCheats
Victory
Defeat
🇲🇽 Persians · Mexico
951
+17
🇬🇧 Saxons · United Kingdom
970
-17
Dsp5115
6:12 Loom
6:46 Loom
9:57 Feudal Age
10:27 Man-at-Arms
21:24 Castle Age
20:25 Arson
25:31 Scale Barding Armor
25:29 Padded Archer Armor
25:12 Light Cavalry
27:47 Husbandry
27:39 Double-Bit Axe
30:06 Fletching
42:08 Forging
41:59 Scale Mail Armor
42:15 Leather Archer Armor
43:12 Bloodlines
TheQuietRiot
7:44 Loom
10:01 Feudal Age
11:01 Double-Bit Axe
25:07 Castle Age
26:22 Squires
33:21 Pikeman
Connection lost

Rejoining the realm…

Still unreachable

The connection could not be restored.

Session expired

The server has moved on; the page needs a fresh start.